 Dungeon Sprint DCSS version 0.20-a0-223-g066d66b (webtiles) character file.

600337 Dfrag the Conqueror (level 24, -20/181 HPs)
             Began as a Gargoyle Fighter on Nov 30, 2016.
             Was an Initiate of Gozag.
             Killed by Shatter
             ... invoked by Kexyer the pandemonium lord
              (156 damage)
             ... in the Dungeon (Sprint IX: "|||||||||||||||||||||||||||||").
             The game lasted 00:43:01 (12767 turns).

Dfrag the Conqueror (Gargoyle Fighter)             Turns: 12767, Time: 00:43:02

Health: -20/181    AC: 65    Str: 44    XL:     24   Next: 7%
Magic:  47/47      EV: 29    Int:  6    God:    Gozag
Gold:   4886       SH: 36    Dex: 13    Spells: 59/63 levels left

rFire  + . .     SeeInvis +     F - +9 demon blade "Duloc" {flame, Str+4}
rCold  + . .     Gourm    .     b - +10 plate armour of the Beggar {rF+ Slay+2}
rNeg   + + +     Faith    .     J - +6 large shield of Ignorance {rN+ AC+4 Int-6 *Curse} (curse)
rPois  ∞         Spirit   .     G - +2 hat {SInv}
rElec  +         Reflect  .     c - +1 cloak of Starlight {rElec rC+ EV+4 Stlth--}
rCorr  .         Harm     .     K - +1 pair of gloves of the Wumpus {-Tele rN+++ Int+3 SInv}
MR     +....     NoTele   +     I - +1 pair of boots "Otimaac" {+Fly rN+ Str+7 Dex-4}
Stlth  +.........               Z - amulet of the Sun {RegenMP rElec Str+5 Slay+6}
                                M - ring "Sadoepi" {rElec Str+3 Int-2 Slay+3 SInv}
                                v - ring "Taab" {Wiz Str+5}

@: gold aura, very slightly contaminated, hasted, very quick
A: big wings, deterioration 1, negative energy resistance 1, electricity
resistance, weak 1, unbreathing, petrification resistance, rot immunity, AC +17
0: Orb of Zot
}: 9/15 runes: decaying, serpentine, barnacled, slimy, elven, silver, golden,
abyssal, gossamer
a: Fly, Potion Petition, Call Merchant, Bribe Branch, Renounce Religion, Evoke
Flight


You were in the Dungeon.
You worshipped Gozag.
Gozag was most pleased with you.
You were very full.

You visited 1 branch You collected 59716 gold pieces.
You spent 9770 gold pieces at shops.
You paid 45060 gold pieces to Gozag.

Inventory:

Hand Weapons
 a - the +9 battleaxe "Gexity" {flame, rF+ rC+ Dex+2}
   (You bought it in a shop in the Dungeon)

   It has been specially enchanted to burn those struck by it, causing extra
   injury to most foes and up to half again as much damage against particularly
   susceptible opponents.
   Big, fiery blades are also staple armaments of hydra-hunters.
   It affects your dexterity (+2).
   It protects you from fire.
   It protects you from cold.
 o - a +9 demon whip of electrocution
 z - the +10 whip of Ushro {pain, *Slow rElec rF+++ Str-3}
   (You bought it in a shop in the Dungeon)

   In the hands of one skilled in necromantic magic, it inflicts extra damage on
   living creatures.
   It affects your strength (-3).
   It renders you almost immune to fire.
   It insulates you from electricity.
   It may slow you when you take damage.
 C - the +3 great sword of the Secret Friends {freeze, rF+ Int+4 Dex-3}
   (You bought it in a shop in the Dungeon)

   It has been specially enchanted to freeze those struck by it, causing extra
   injury to most foes and up to half again as much damage against particularly
   susceptible opponents.
   It can also slow down cold-blooded creatures.
   It affects your intelligence (+4).
   It affects your dexterity (-3).
   It protects you from fire.
 F - the +9 demon blade "Duloc" (weapon) {flame, Str+4}
   (You acquired it in the Dungeon)

   It has been specially enchanted to burn those struck by it, causing extra
   injury to most foes and up to half again as much damage against particularly
   susceptible opponents.
   Big, fiery blades are also staple armaments of hydra-hunters.
   It affects your strength (+4).
Armour
 b - the +10 plate armour of the Beggar (worn) {rF+ Slay+2}
   (You found it in the Dungeon)

   It affects your accuracy and damage with ranged weapons and melee attacks
   (+2).
   It protects you from fire.
 c - the +1 cloak of Starlight (worn) {rElec rC+ EV+4 Stlth--}
   (You bought it in a shop in the Dungeon)

   It affects your evasion (+4).
   It protects you from cold.
   It insulates you from electricity.
   It makes you much less stealthy.
 r - a +2 pair of gloves of dexterity
 B - a +2 crystal plate armour
 G - a +2 hat of see invisible (worn)
 I - the +1 pair of boots "Otimaac" (worn) {+Fly rN+ Str+7 Dex-4}
   (You bought it in a shop in the Dungeon)

   It affects your strength (+7).
   It affects your dexterity (-4).
   It protects you from negative energy.
   It lets you fly.
 J - the cursed +6 large shield of Ignorance (worn) {rN+ AC+4 Int-6 *Curse}
   (You bought it in a shop in the Dungeon)

   It affects your AC (+4).
   It affects your intelligence (-6).
   It protects you from negative energy.
   It may re-curse itself when equipped.
   It has a curse placed upon it.
 K - the +1 pair of gloves of the Wumpus (worn) {-Tele rN+++ Int+3 SInv}
   (You bought it in a shop in the Dungeon)

   It affects your intelligence (+3).
   It renders you almost immune to negative energy.
   It lets you see invisible.
   It prevents most forms of teleportation.
 W - the +2 hat of Vaobliz {*Slow rF++ rC- Int+9}
   (You bought it in a shop in the Dungeon)

   It affects your intelligence (+9).
   It greatly protects you from fire.
   It makes you vulnerable to cold.
   It may slow you when you take damage.
Jewellery
 v - the ring "Taab" (left hand) {Wiz Str+5}
   (You found it in the Dungeon)

   [ring of wizardry]

   It improves your spell success rate.
   It affects your strength (+5).
 M - the ring "Sadoepi" (right hand) {rElec Str+3 Int-2 Slay+3 SInv}
   (You bought it in a shop in the Dungeon)

   [ring of strength]

   It affects your strength (+3).
   It affects your intelligence (-2).
   It affects your accuracy and damage with ranged weapons and melee attacks
   (+3).
   It insulates you from electricity.
   It lets you see invisible.
 N - a +6 ring of dexterity
 U - the amulet "Myxus" {+Rage +Fly Str+3 Int+4}
   (You found it in the Dungeon)

   [amulet of rage]

   It affects your strength (+3).
   It affects your intelligence (+4).
   It lets you fly.
   It lets you go berserk.
 Z - the amulet of the Sun (around neck) {RegenMP rElec Str+5 Slay+6}
   (You found it in the Dungeon)

   [amulet of magic regeneration]

   It increases your magic regeneration.
   It affects your strength (+5).
   It affects your accuracy and damage with ranged weapons and melee attacks
   (+6).
   It insulates you from electricity.
Wands
 p - a wand of acid (3/15)
 u - a wand of hasting (3/9)
 E - a wand of disintegration (0/24)
 H - a wand of enslavement (9/24)
 L - a wand of polymorph (12/24)
 V - a wand of flame (31/48)
Scrolls
 k - 4 scrolls of blinking
 m - 2 scrolls of amnesia
 n - 3 scrolls of remove curse
 q - a scroll of identify
 w - 6 scrolls of fog
 x - a scroll of fear
 y - 5 scrolls of enchant weapon
 T - 5 scrolls of enchant armour
Potions
 d - 2 potions of might
 e - 4 potions of curing
 g - 3 potions of heal wounds
 h - 2 potions of cure mutation
 i - 4 potions of magic
 j - 5 potions of brilliance
 l - a potion of invisibility
 O - 2 potions of lignification
Books
 s - Johemia's Collected Works on Bewitching Necromancy
   (You found it in the Dungeon)

   Spells                             Type                      Level
   a - Animate Dead                   Necromancy                   4
   b - Excruciating Wounds            Charms/Necromancy            5
   c - Silence                        Hexes/Air                    5
Miscellaneous
 X - a box of beasts
Comestibles
 f - 21 bread rations
 A - 26 fruits
 D - 16 meat rations


   Skills:
 O Level 27 Fighting
 O Level 27 Long Blades
 O Level 27 Maces & Flails
   Level 13.4(18.3) Slings
 + Level 20.4(21.5) Throwing
 O Level 27 Armour
 O Level 27 Dodging
 O Level 27 Stealth
 O Level 27 Shields
 + Level 21.9 Unarmed Combat
 + Level 20.4 Spellcasting
 + Level 19.0 Necromancy
 O Level 27 Evocations


You had 59 spell levels left.
You knew the following spells:

 Your Spells              Type           Power        Failure   Level  Hunger
a - Animate Dead          Necr           N/A          1%          4    ####...


Dungeon Overview and Level Annotations

Branches:
Dungeon (1/1)

Altars:
Cheibriados
Dithmenos
Elyvilon
Fedhas
Gozag
Hepliaklqana
Kikubaaqudgha
Makhleb
Nemelex Xobeh
Okawaru
Qazlal
Ru
Sif Muna
Trog
Uskayaw
Vehumet
Xom
Yredelemnul
Zin
The Shining One
Beogh
Jiyva
Lugonu

Shops:
D =([(=?[[[(=((**((*([![


Innate Abilities, Weirdness & Mutations

You are resistant to torment.
Your stone body is resilient. (AC +17)
You are immune to poison.
Your large and strong wings let you fly indefinitely.
You resist negative energy. (rN+)
You are resistant to electric shocks. (rElec)
You can survive without breathing.
You are immune to petrification.
You are immune to rotting.
Your body sometimes deteriorates upon taking damage.
You are weak. (Str -2)


Message History

The Orb Guardian is heavily wounded.
Kexyer barks, "Flee whilst thou may!"
You slice the Orb Guardian!! You burn the Orb Guardian.
The Orb Guardian is almost dead.
The Orb Guardian completely misses you.
You slash the Orb Guardian! You burn the Orb Guardian.
You kill the Orb Guardian!
Your Necromancy skill increases to level 19!
Kexyer gestures.
The dungeon rumbles around Kexyer!
You shudder from the earth-shattering force.
The Tzitzimitl is distracted by the nearby gold.
The Tzitzimitl roars!
You see here 189 gold pieces.
Kexyer gestures.
The dungeon rumbles around Kexyer!
You shudder from the earth-shattering force.
Ouch! That really hurt!
You die...
Your body crumbles into a pile of gold.

.▓.▓.▓.♣)♣.▓.▓.▓.▓
)▓.▓.▓.♣)♣.▓'▓.▓.▓
)▓.▓.▓.♣.♣.▓.▓.▓$▓
)▓.▓'▓.♣)♣.▓.▓.▓.▓
)▓.▓)▓.♣)♣.▓.▓.▓.▓
)▓.▓)▓.♣.♣.▓.▓.▓.▓
)▓.▓.▓.♣.♣.▓.▓.▓.▓
.▓.▓.▓.♣.♣.▓.▓.▓$▓
.▓.▓.▓.♣.♣.▓.▓.▓@▓
'▓.▓.▓.♣.♣.▓.▓.▓.▓
.▓.▓.▓.▓[▓.▓.▓.▓.▓
)▓.▓.▓.▓)▓.▓.▓.▓1▓
)▓.▓'▓.▓)▓.▓'▓.▓&▓
)▓.▓.▓.▓)▓.▓.▓.▓.▓
.▓.▓'▓.▓[▓.▓.▓.▓.▓
.▓.▓.▓.▓[▓.▓.▓.▓.▓
.▓.▓'▓.▓.▓.▓.▓.▓,*


You could see Kexyer and a Tzitzimitl.

Vanquished Creatures
  the Royal Jelly (D)
  7 orbs of fire (D)
  6 ancient liches (D)
  6 greater mummies (D)
  Sojobo (D)
  A profane servitor (D)
  Jory (D)
  4 golden dragons (D)
  A bone dragon (D)
  A Brimstone Fiend (D)
  An electric golem (D)
  2 Tzitzimimeh (D)
  A hellephant (D)
  A lich (D)
  7 pandemonium lords (D)
  3 Ice Fiends (D)
  5 tentacled monstrosities (D)
  A titan (D)
  39 Orb Guardians (D)
  7 deep elf blademasters (D)
  13 acid blobs (D)
  A quicksilver dragon (D)
  14 sphinxes (D)
  A death cob (D)
  Gastronok (D)
  Kirke (D)
  2 Executioners (D)
  A thorn hunter (D)
  A draconian monk (D)
  Agnes (D)
  7 shadow dragons (D)
  5 storm dragons (D)
  2 tengu reavers (D)
  4 azure jellies (D)
  Donald (D)
  Ilsuiw (D)
  6 nagarajas (D)
  A daeva (D)
  5 fire giants (D)
  3 vault wardens (D)
  5 draconian knights (D)
  2 deep elf sorcerers (D)
  An iron dragon (D)
  4 ghost moths (D)
  2 balrugs (D)
  3 emperor scorpions (D)
  A draconian scorcher (D)
  3 ironheart preservers (D)
  A draconian shifter (D)
  2 cacodemons (D)
  A draconian stormcaller (D)
  A spriggan defender (D)
  10 vampire knights (D)
  2 draconian annihilators (D)
  A war gargoyle (D)
  2 entropy weavers (D)
  A starcursed mass (D)
  3 stone giants (D)
  2 reapers (D)
  8 green draconians (D)
  2 red draconians (D)
  3 black draconians (D)
  A deep elf annihilator (D)
  2 white draconians (D)
  3 yellow draconians (D)
  A purple draconian (D)
  A spark wasp (D)
  Snorg (D)
  A green death (D)
  6 merfolk javelineers (D)
  A blizzard demon (D)
  3 merfolk impalers (D)
  3 fire dragons (D)
  3 yaktaur captains (D)
  7 mummy priests (D)
  25 vault guards (D)
  6 death oozes (D)
  Josephine (D)
  2 ettins (D)
  2 deep elf high priests (D)
  2 deep elf death magi (D)
  6 ice dragons (D)
  4 great orbs of eyes (D)
  Erolcha (D)
  2 naga warriors (D)
  9 hydras (D)
  2 rakshasas (D)
  2 ghost crabs (D)
  2 deep troll shamans (D)
  A satyr (D)
  A deep troll earth mage (D)
  A merfolk aquamancer (D)
  7 orc high priests (D)
  A tengu warrior (D)
  A naga sharpshooter (D)
  A vampire mage (D)
  3 shock serpents (D)
  5 sun demons (D)
  Sonja (D)
  5 soul eaters (D)
  A wretched star (D)
  A deep elf knight (D)
  A skeletal warrior (D)
  A hell knight (D)
  A sixfirhy (D)
  A flayed ghost (D)
  2 unseen horrors (D)
  5 swamp dragons (D)
  A glowing orange brain (D)
  4 ironbrand convokers (D)
  A shadow demon (D)
  17 orc knights (D)
  An oklob plant (D)
  A mana viper (D)
  A harpy (D)
  4 ugly things (D)
  4 wolf spiders (D)
  An orc sorcerer (D)
  2 manticores (D)
  8 moths of wrath (D)
  2 cyclopes (D)
  Maurice (D)
  2 guardian serpents (D)
  3 rust devils (D)
  2 black mambas (D)
  4 smoke demons (D)
  2 water nymphs (D)
  6 orange demons (D)
  5 spiny frogs (D)
  Psyche (D)
  5 naga magi (D)
  2 vault sentinels (D)
  A torpor snail (D)
  A hellion (D)
  5 demonic crawlers (D)
  A freezing wraith (D)
  6 hellwings (D)
  15 guardian mummies (D)
  2 yaktaurs (D)
  3 ice devils (D)
  A komodo dragon (D)
  An ancient zyme (D)
  4 red devils (D)
  A jumping spider (D)
  A wandering mushroom (D)
  A meliai (shapeshifter) (D)
  A wind drake (shapeshifter) (D)
  3 merfolk (D)
  2 tyrant leeches (D)
  A hornet (shapeshifter) (D)
  3 hornets (D)
  A two-headed ogre (D)
  A dream sheep (D)
  A blink frog (D)
  A snapping turtle (D)
  2 hippogriffs (D)
  2 bog bodies (D)
  3 redbacks (D)
  11 spriggans (D)
  5 wraiths (D)
  A water elemental (D)
  3 ynoxinuls (D)
  2 hungry ghosts (D)
  A basilisk (D)
  2 hogs (D)
  2 small abominations (D)
  2 neqoxecs (D)
  2 chaos spawn (D)
  3 vampire mosquitoes (D)
  2 large abominations (D)
  An acid dragon (D)
  A water moccasin (D)
  3 porcupines (D)
  3 hell hounds (D)
  9 orc warriors (D)
  2 sky beasts (D)
  An ice beast (D)
  An ogre (D)
  A centaur (D)
  3 crocodiles (D)
  4 bullfrogs (D)
  A scorpion (D)
  A wight (D)
  3 crimson imps (D)
  2 quasits (D)
  3 orc priests (D)
  3 orc wizards (D)
  A worker ant (D)
  An adder (D)
  4 ufetubi (D)
  A leopard gecko (D)
  4 orcs (D)
  A bat (D)
  A giant cockroach (D)
  3 kobolds (D)
604 creatures vanquished.

Vanquished Creatures (others)
  A hydra (D)
  An ice dragon (D)
  An alligator (D)
  A swamp dragon (D)
  A moth of wrath (D)
  A naga mage (D)
  A tyrant leech (D)
  A golden eye (D)
  3 humans (D)
  An insubstantial wisp (D)
  2 orc wizards (D)
  An ufetubus (D)
15 creatures vanquished.

Grand Total: 619 creatures vanquished

Notes
Turn   | Place    | Note
-------+----------+-------------------------------------------
     0 | D        | Dfrag the Gargoyle Fighter began the quest for the Orb.
     0 | D        | Reached XP level 1. HP: 14/14 MP: 1/1
    98 | D        | Noticed a crimson imp
    98 | D        | Noticed an orc wizard
    98 | D        | Noticed a centaur
   102 | D        | Reached XP level 2. HP: 19/20 MP: 2/2
   116 | D        | Reached skill level 5 in Armour
   116 | D        | Reached skill level 5 in Shields
   116 | D        | Reached XP level 3. HP: 12/25 MP: 3/3
   120 | D        | Killed a centaur
   120 | D        | Reached skill level 5 in Maces & Flails
   120 | D        | Reached XP level 4. HP: 11/32 MP: 4/4
   120 | D        | Reached XP level 5. HP: 13/36 MP: 5/5
   149 | D        | Found a roughly hewn altar of Beogh.
   149 | D        | Found a snail-covered altar of Cheibriados.
   149 | D        | Found a shadowy altar of Dithmenos.
   149 | D        | Found a white marble altar of Elyvilon.
   149 | D        | Found a blossoming altar of Fedhas.
   149 | D        | Found an opulent altar of Gozag.
   150 | D        | Found a hazy altar of Hepliaklqana.
   151 | D        | Found a viscous altar of Jiyva.
   152 | D        | Found an ancient bone altar of Kikubaaqudgha.
   153 | D        | Found a corrupted altar of Lugonu.
   154 | D        | Found a burning altar of Makhleb.
   155 | D        | Found a sparkling altar of Nemelex Xobeh.
   156 | D        | Found an iron altar of Okawaru.
   157 | D        | Became a worshipper of Gozag Ym Sagoz the Greedy
   158 | D        | Found a stormy altar of Qazlal.
   159 | D        | Found a sacrificial altar of Ru.
   160 | D        | Found a deep blue altar of Sif Muna.
   161 | D        | Found a bloodstained altar of Trog.
   162 | D        | Found a hide-covered altar of Uskayaw.
   163 | D        | Found a radiant altar of Vehumet.
   164 | D        | Found a shimmering altar of Xom.
   165 | D        | Found a basalt altar of Yredelemnul.
   166 | D        | Found a glowing silver altar of Zin.
   167 | D        | Found a glowing golden altar of the Shining One.
   393 | D        | Noticed a crocodile
   393 | D        | Noticed a sky beast
   393 | D        | Noticed an ogre
   414 | D        | Killed a crocodile
   414 | D        | Reached XP level 6. HP: 41/44 MP: 6/6
   425 | D        | Killed a sky beast
   441 | D        | Killed an unseen horror
   441 | D        | Reached skill level 10 in Shields
   441 | D        | Reached XP level 7. HP: 17/52 MP: 7/7
   441 | D        | Reached XP level 8. HP: 19/57 MP: 8/8
   443 | D        | Reached skill level 10 in Fighting
   443 | D        | Reached skill level 10 in Armour
   641 | D        | Noticed a cyclops
   641 | D        | Noticed a two-headed ogre
   655 | D        | Killed a cyclops
   658 | D        | Killed a two-headed ogre
   658 | D        | Reached skill level 10 in Maces & Flails
   664 | D        | Reached XP level 9. HP: 8/64 MP: 9/9
  1036 | D        | Got the ring "Taab" {Wiz Str+5}
  1051 | D        | Noticed a komodo dragon
  1051 | D        | Noticed an eight-headed hydra
  1051 | D        | Noticed a black mamba
  1055 | D        | Killed a komodo dragon
  1058 | D        | Noticed a spiny frog
  1063 | D        | Killed an eight-headed hydra
  1064 | D        | Killed a black mamba
  1086 | D        | Reached XP level 10. HP: 14/72 MP: 10/10
  1143 | D        | Killed a spiny frog
  1152 | D        | Bought a +1 great mace of protection for 222 gold pieces
  1352 | D        | Noticed an oklob plant
  1576 | D        | Noticed a spiny frog
  1588 | D        | Killed an oklob plant
  1601 | D        | Killed a spiny frog
  1609 | D        | Bought a bread ration for 60 gold pieces
  1609 | D        | Bought a bread ration for 60 gold pieces
  1609 | D        | Bought 2 fruits for 36 gold pieces
  1609 | D        | Bought a bread ration for 60 gold pieces
  1609 | D        | Bought a royal jelly for 24 gold pieces
  1609 | D        | Bought a bread ration for 60 gold pieces
  1609 | D        | Bought a bread ration for 60 gold pieces
  1609 | D        | Bought a beef jerky for 18 gold pieces
  1609 | D        | Bought a royal jelly for 24 gold pieces
  1609 | D        | Bought a bread ration for 60 gold pieces
  1609 | D        | Bought 4 fruits for 72 gold pieces
  1609 | D        | Bought a meat ration for 60 gold pieces
  1609 | D        | Bought a bread ration for 60 gold pieces
  1726 | D        | Noticed a spiny frog
  1727 | D        | Noticed a spiny frog
  1740 | D        | Noticed a spiny frog
  1769 | D        | Killed a spiny frog
  1774 | D        | Killed a spiny frog
  1774 | D        | Reached XP level 11. HP: 53/80 MP: 11/11
  1908 | D        | Noticed Psyche
  1912 | D        | Noticed Josephine
  1933 | D        | Killed Josephine
  1935 | D        | Killed Psyche
  1994 | D        | Noticed Gastronok
  2008 | D        | Killed Gastronok
  2008 | D        | Reached skill level 15 in Fighting
  2008 | D        | Reached skill level 15 in Armour
  2008 | D        | Reached skill level 15 in Shields
  2172 | D        | Noticed Erolcha
  2178 | D        | Paralysed by Erolcha for 6 turns
  2188 | D        | Killed Erolcha
  2403 | D        | Noticed an orc knight
  2403 | D        | Noticed an orc knight
  2403 | D        | Noticed an orc sorcerer
  2404 | D        | Noticed an orc knight
  2405 | D        | Noticed an orc knight
  2414 | D        | Killed an orc knight
  2432 | D        | Killed an orc knight
  2437 | D        | Killed an orc sorcerer
  2438 | D        | Noticed an orc knight
  2452 | D        | Killed an orc knight
  2452 | D        | Reached XP level 12. HP: 41/88 MP: 12/12
  2844 | D        | Bought the +1 pair of boots "Otimaac" {+Fly rN+ Str+7 Dex-4} for 552 gold pieces
  2982 | D        | Found Rukk's Jewellery Emporium.
  2982 | D        | Noticed an orc high priest
  2982 | D        | Noticed an orc high priest
  2982 | D        | Noticed an orc high priest
  2988 | D        | Killed an orc high priest
  2988 | D        | Reached skill level 15 in Maces & Flails
  2988 | D        | Reached skill level 1 in Dodging
  2988 | D        | Reached skill level 1 in Evocations
  2989 | D        | Noticed an orc high priest
  3325 | D        | Noticed a sun demon
  3347 | D        | Killed an orc high priest
  3399 | D        | Killed an orc high priest
  3548 | D        | Noticed a sun demon
  3554 | D        | Killed an orc high priest
  3564 | D        | Found Egrua's Magic Scroll Shoppe.
  3568 | D        | Found Bisaiv's Antique Armour Emporium.
  3569 | D        | Noticed an orc high priest
  3570 | D        | Found Kuubav's Food Shoppe.
  3576 | D        | Noticed an orc high priest
  3584 | D        | Killed an orc high priest
  3666 | D        | Killed an orc high priest
  3733 | D        | Reached skill level 5 in Evocations
  3744 | D        | Noticed an orc high priest
  3758 | D        | Killed an orc high priest
  3773 | D        | Bought a scroll of remove curse for 39 gold pieces
  3773 | D        | Bought a scroll of magic mapping for 45 gold pieces
  3777 | D        | Bought a faintly humming ring mail for 288 gold pieces
  3777 | D        | Bought a pair of glowing boots for 336 gold pieces
  3788 | D        | Identified the +2 ring mail of the Elven Halls {rPois rN+ Int-2} (You bought it in a shop in the Dungeon)
  3798 | D        | Identified a +0 pair of boots of running (You bought it in a shop in the Dungeon)
  3801 | D        | Bought a meat ration for 60 gold pieces
  3801 | D        | Bought a bread ration for 60 gold pieces
  3801 | D        | Bought a beef jerky for 18 gold pieces
  3801 | D        | Bought a bread ration for 60 gold pieces
  3801 | D        | Bought a bread ration for 60 gold pieces
  3801 | D        | Bought a bread ration for 60 gold pieces
  3801 | D        | Bought a meat ration for 60 gold pieces
  3801 | D        | Bought a slice of pizza for 18 gold pieces
  3801 | D        | Bought a meat ration for 60 gold pieces
  3801 | D        | Bought a meat ration for 60 gold pieces
  3801 | D        | Bought a meat ration for 60 gold pieces
  3801 | D        | Bought a beef jerky for 18 gold pieces
  3874 | D        | Noticed Sonja
  3883 | D        | Killed Sonja
  3883 | D        | Reached skill level 5 in Dodging
  3953 | D        | Got the cursed +1 plate armour of Agoraphobia {-Cast rPois rC++ Dex+2}
  3958 | D        | Got the +10 plate armour of the Beggar {rF+ Slay+2}
  4006 | D        | Noticed a seven-headed hydra
  4020 | D        | Reached XP level 13. HP: 91/96 MP: 17/17
  4025 | D        | Noticed a fire dragon
  4027 | D        | Noticed a spark wasp
  4027 | D        | Noticed a great orb of eyes
  4048 | D        | Noticed a fire dragon
  4056 | D        | Killed a fire dragon
  4059 | D        | Noticed a great orb of eyes
  4059 | D        | Killed a spark wasp
  4063 | D        | Killed a great orb of eyes
  4076 | D        | Killed a fire dragon
  4082 | D        | Killed a great orb of eyes
  4115 | D        | Bought a +1 pair of gloves of dexterity for 247 gold pieces
  4221 | D        | Noticed a merfolk impaler
  4272 | D        | Killed a merfolk impaler
  4313 | D        | Bought the cursed +6 large shield of Ignorance {rN+ AC+4 Int-6 *Curse} for 609 gold pieces
  4327 | D        | Noticed an entropy weaver
  4339 | D        | Noticed a ghost moth
  4352 | D        | Killed an entropy weaver
  4395 | D        | Killed a ghost moth
  4406 | D        | Bought the +1 cloak of Starlight {rElec rC+ EV+4 Stlth--} for 578 gold pieces
  4449 | D        | Gained mutation: Your large and strong wings let you fly indefinitely. [Gargoyle growth]
  4449 | D        | Reached XP level 14. HP: 100/104 MP: 8/21
  4469 | D        | Reached skill level 10 in Evocations
  4501 | D        | Noticed a thorn hunter
  4519 | D        | Killed a thorn hunter
  4609 | D        | Noticed Maurice
  4614 | D        | Killed Maurice
  4626 | D        | Noticed Snorg
  4634 | D        | Killed Snorg
  4662 | D        | Noticed a fire giant
  4663 | D        | Noticed a fire giant
  4690 | D        | Reached skill level 10 in Dodging
  4695 | D        | Killed a fire giant
  4701 | D        | Noticed a fire giant
  4716 | D        | Killed a fire giant
  4741 | D        | Noticed a sphinx
  4743 | D        | Killed a fire giant
  4778 | D        | Killed a sphinx
  4830 | D        | Bought the ring "Sadoepi" {rElec Str+3 Int-2 Slay+3 SInv} for 423 gold pieces
  4836 | D        | Noticed an ironheart preserver
  4836 | D        | Noticed an ironheart preserver
  4854 | D        | Killed an ironheart preserver
  4866 | D        | Noticed an ironheart preserver
  4867 | D        | Killed an ironheart preserver
  4867 | D        | Reached XP level 15. HP: 113/113 MP: 24/24
  4914 | D        | Noticed a fire giant
  4925 | D        | Noticed a vault warden
  4941 | D        | Killed a fire giant
  4950 | D        | Killed a vault warden
  5047 | D        | Noticed Agnes
  5055 | D        | Killed Agnes
  5284 | D        | Noticed Ilsuiw
  5313 | D        | Killed Ilsuiw
  5401 | D        | Got a barnacled rune of Zot
  5430 | D        | Noticed a ghost moth
  5437 | D        | Noticed an emperor scorpion
  5453 | D        | Killed a ghost moth
  5461 | D        | Killed an emperor scorpion
  5465 | D        | Noticed an emperor scorpion
  5471 | D        | Noticed an emperor scorpion
  5480 | D        | Killed an emperor scorpion
  5482 | D        | Reached skill level 15 in Evocations
  5499 | D        | Killed an emperor scorpion
  5504 | D        | Got a gossamer rune of Zot
  5749 | D        | Bought the +9 battleaxe "Gexity" {flame, rF+ rC+ Dex+2} for 1146 gold pieces
  6024 | D        | Reached XP level 16. HP: 124/124 MP: 27/27
  6058 | D        | Got a decaying rune of Zot
  6076 | D        | Bought an ebony whip for 210 gold pieces
  6076 | D        | Identified the +10 whip of Ushro {pain, *Slow rElec rF+++ Str-3} (You bought it in a shop in the Dungeon)
  6086 | D        | Noticed a nagaraja
  6086 | D        | Noticed a nagaraja
  6088 | D        | Noticed a nagaraja
  6098 | D        | Killed a nagaraja
  6110 | D        | Killed a nagaraja
  6111 | D        | Noticed a nagaraja
  6118 | D        | Noticed a nagaraja
  6133 | D        | Killed a nagaraja
  6133 | D        | Reached skill level 15 in Dodging
  6148 | D        | Killed a nagaraja
  6154 | D        | Killed a nagaraja
  6195 | D        | Noticed a nagaraja
  6207 | D        | Killed a nagaraja
  6221 | D        | Got a serpentine rune of Zot
  6292 | D        | Noticed Donald
  6303 | D        | Killed Donald
  6662 | D        | Noticed a sphinx
  6662 | D        | Noticed a tentacled monstrosity
  6686 | D        | Killed a tentacled monstrosity
  6693 | D        | Killed a sphinx
  6693 | D        | Reached XP level 17. HP: 108/135 MP: 30/30
  6921 | D        | Got a brightly glowing long sword {vamp}
  6928 | D        | Identified the +5 long sword of Taxation {vamp, MR+ Str-2 Dex+5} (You took it off a meliai in the Dungeon)
  6964 | D        | Bought a transparent hat for 270 gold pieces
  6974 | D        | Identified the +2 hat of Vaobliz {*Slow rF++ rC- Int+9} (You bought it in a shop in the Dungeon)
  6991 | D        | Noticed a quicksilver dragon
  6991 | D        | Noticed an ancient lich
  6992 | D        | Noticed a titan
  7023 | D        | Killed an ancient lich
  7040 | D        | Reached skill level 10 in Long Blades
  7080 | D        | Killed a quicksilver dragon
  7108 | D        | Killed a titan
  7149 | D        | Identified Johemia's Collected Works on Bewitching Necromancy
  7163 | D        | Learned a level 4 spell: Animate Dead
  7168 | D        | Got a silver rune of Zot
  7259 | D        | Got the amulet of the Sun {RegenMP rElec Str+5 Slay+6}
  7300 | D        | Got the amulet "Myxus" {+Rage +Fly Str+3 Int+4}
  7315 | D        | Got the ring of Xom's Best Wishes {+Fly MR+}
  7318 | D        | Got the amulet of Zoneor {Spirit Str+4 Dex+5}
  7321 | D        | Got the amulet "Wapoklo" {Faith *Contam MR+ Str+6}
  7412 | D        | Noticed Jory
  7432 | D        | Killed Jory
  7447 | D        | Noticed Sojobo
  7470 | D        | Killed Sojobo
  7504 | D        | Noticed Kirke
  7513 | D        | Killed Kirke
  7556 | D        | Reached XP level 18. HP: 127/144 MP: 31/31
  7711 | D        | Noticed a tentacled monstrosity
  7711 | D        | Noticed a golden dragon
  7721 | D        | Reached skill level 27 in Fighting
  7721 | D        | Reached skill level 27 in Armour
  7737 | D        | Killed a tentacled monstrosity
  7761 | D        | Killed a golden dragon
  7794 | D        | Noticed a golden dragon
  7829 | D        | Killed a golden dragon
  7888 | D        | Noticed a tentacled monstrosity
  7907 | D        | Killed a tentacled monstrosity
  7976 | D        | Bought a polished great sword for 276 gold pieces
  7976 | D        | Identified the +3 great sword of the Secret Friends {freeze, rF+ Int+4 Dex-3} (You bought it in a shop in the Dungeon)
  7978 | D        | Noticed a tentacled monstrosity
  7979 | D        | Noticed a golden dragon
  7985 | D        | Killed a tentacled monstrosity
  7990 | D        | Noticed a tentacled monstrosity
  7999 | D        | Reached skill level 15 in Long Blades
  8017 | D        | Reached XP level 19. HP: 95/151 MP: 32/32
  8030 | D        | Killed a golden dragon
  8038 | D        | Killed a tentacled monstrosity
  8461 | D        | Noticed an ancient lich
  8469 | D        | Killed an ancient lich
  8473 | D        | Noticed an orb of fire
  8481 | D        | Killed an orb of fire
  8485 | D        | Noticed an electric golem
  8492 | D        | Killed an electric golem
  8495 | D        | Noticed an orb of fire
  8495 | D        | Noticed a golden dragon
  8495 | D        | Noticed an ancient lich
  8495 | D        | Noticed an orb of fire
  8495 | D        | Noticed an orb of fire
  8495 | D        | Noticed an orb of fire
  8498 | D        | Gained mutation: Your body sometimes deteriorates upon taking damage. [an orb of fire]
  8504 | D        | Killed an orb of fire
  8504 | D        | Reached XP level 20. HP: 105/157 MP: 33/33
  8510 | D        | Killed an ancient lich
  8511 | D        | Noticed an orb of fire
  8518 | D        | Killed an orb of fire
  8518 | D        | Reached skill level 27 in Maces & Flails
  8522 | D        | Noticed an orb of fire
  8526 | D        | Killed an orb of fire
  8526 | D        | Reached skill level 27 in Shields
  8541 | D        | Killed an orb of fire
  8542 | D        | Noticed an ancient lich
  8548 | D        | Killed an orb of fire
  8560 | D        | Killed an orb of fire
  8567 | D        | Killed a golden dragon
  8573 | D        | Killed an ancient lich
  8876 | D        | Bought a crooked bone wand for 92 gold pieces
  8876 | D        | Bought a scroll of identify for 46 gold pieces
  8876 | D        | Bought a scroll labeled BOBAFU WAPE for 23 gold pieces
  8884 | D        | Got a blackened demon blade
  8885 | D        | Identified the +9 demon blade "Duloc" {flame, Str+4} (You acquired it in the Dungeon)
  8906 | D        | Reached skill level 27 in Dodging
  8946 | D        | Reached XP level 21. HP: 163/163 MP: 34/34
  8975 | D        | Got the Orb of Zot
  9024 | D        | Reached skill level 27 in Long Blades
  9033 | D        | Reached skill level 5 in Stealth
  9087 | D        | Bought a pair of transparent gloves for 294 gold pieces
  9087 | D        | Identified the +1 pair of gloves of the Wumpus {-Tele rN+++ Int+3 SInv} (You bought it in a shop in the Dungeon)
  9123 | D        | Reached skill level 10 in Stealth
  9161 | D        | Noticed an ancient lich
  9176 | D        | Killed an ancient lich
  9245 | D        | Reached skill level 15 in Stealth
  9315 | D        | Got an elven rune of Zot
  9445 | D        | HP: 6/163 [Tzitzimitl/bolt of cold (18)]
  9641 | D        | Noticed Furah the pandemonium lord
  9847 | D        | Killed Furah the pandemonium lord
  9957 | D        | Noticed Cirhutun the pandemonium lord
  9999 | D        | Killed Cirhutun the pandemonium lord
 10114 | D        | Reached XP level 22. HP: 60/169 MP: 38/38
 10339 | D        | Noticed the Royal Jelly
 10353 | D        | Killed the Royal Jelly
 10353 | D        | Reached skill level 27 in Stealth
 10353 | D        | Reached skill level 27 in Evocations
 10353 | D        | Reached skill level 5 in Slings
 10377 | D        | Reached skill level 5 in Unarmed Combat
 10379 | D        | Reached skill level 5 in Spellcasting
 10384 | D        | Reached skill level 5 in Throwing
 10384 | D        | Reached skill level 5 in Necromancy
 10398 | D        | Reached skill level 10 in Slings
 10413 | D        | Got a slimy rune of Zot
 10702 | D        | Noticed Hasiozum the pandemonium lord
 10801 | D        | Noticed a profane servitor
 10808 | D        | Killed a profane servitor
 10841 | D        | Noticed Sineel the pandemonium lord
 10842 | D        | Noticed Luor the pandemonium lord
 10849 | D        | Killed Hasiozum the pandemonium lord
 10849 | D        | Reached skill level 10 in Throwing
 10849 | D        | Reached skill level 10 in Spellcasting
 10864 | D        | Killed Luor the pandemonium lord
 10864 | D        | Reached skill level 10 in Necromancy
 10868 | D        | Killed Sineel the pandemonium lord
 10934 | D        | Bought a potion of resistance for 160 gold pieces
 10934 | D        | Bought a potion of heal wounds for 80 gold pieces
 10934 | D        | Bought a potion of heal wounds for 80 gold pieces
 10934 | D        | Bought a potion of mutation for 40 gold pieces
 10934 | D        | Gained mutation: You have sharp toenails. [potion of mutation]
 10934 | D        | Gained mutation: You are frail. (-10% HP) [potion of mutation]
 10941 | D        | Lost mutation: Your body sometimes deteriorates upon taking damage. [potion of cure mutation]
 10941 | D        | Lost mutation: You are frail. (-10% HP) [potion of cure mutation]
 10941 | D        | Lost mutation: You have sharp toenails. [potion of cure mutation]
 10968 | D        | Reached XP level 23. HP: 63/175 MP: 40/40
 10970 | D        | Paralysed by a sphinx for 6 turns
 10980 | D        | Paralysed by a sphinx for 3 turns
 11007 | D        | Reached skill level 15 in Unarmed Combat
 11470 | D        | Reached skill level 15 in Throwing
 11477 | D        | Bought a potion of lignification for 48 gold pieces
 11477 | D        | Bought a potion of lignification for 48 gold pieces
 11477 | D        | Bought a potion of lignification for 48 gold pieces
 11484 | D        | Reached skill level 15 in Spellcasting
 11752 | D        | Noticed a greater mummy
 11752 | D        | Noticed a greater mummy
 11752 | D        | Noticed a greater mummy
 11752 | D        | Noticed a greater mummy
 11765 | D        | Killed a greater mummy
 11798 | D        | Killed a greater mummy
 11798 | D        | Reached skill level 15 in Necromancy
 11805 | D        | Killed a greater mummy
 11845 | D        | Noticed a greater mummy
 11847 | D        | Noticed a greater mummy
 11859 | D        | Killed a greater mummy
 11870 | D        | Killed a greater mummy
 11877 | D        | Killed a greater mummy
 11888 | D        | Got a golden rune of Zot
 11907 | D        | Gained mutation: Your body sometimes deteriorates upon taking damage. [mutagenic glow]
 12100 | D        | Bought a glowing crystal plate armour for 2322 gold pieces
 12220 | D        | Got an abyssal rune of Zot
 12450 | D        | Noticed Yruthreu the pandemonium lord
 12454 | D        | Gained mutation: You are weak. (Str -2) [a neqoxec]
 12471 | D        | Killed Yruthreu the pandemonium lord
 12640 | D        | Noticed an ancient lich
 12641 | D        | Noticed Erchadda the pandemonium lord
 12653 | D        | Killed Erchadda the pandemonium lord
 12660 | D        | Killed an ancient lich
 12677 | D        | Reached XP level 24. HP: 160/181 MP: 46/47
 12763 | D        | Noticed Kexyer the pandemonium lord
 12767 | D        | Killed from afar by Kexyer the pandemonium lord

Vault maps used:
D:        linesprint

Skill      XL: |  1  2  3  4  5  6  7  8  9 10 11 12 13 14 15 16 17 18 19 20 21 22 23 24 |
---------------+-------------------------------------------------------------------------+-----
Fighting       | 4 6 7 9 11 12 14 15 17 18 20 22 25 26 27 | 27.0
Maces & Flails | 3 5 6 8 10 11 12 14 16 17 19 20 23 26 27 | 27.0
Armour         | 4 5 6 7 9 11 12 14 15 17 18 20 22 25 26 27 | 27.0
Shields        | 4 5 6 7 10 11 12 14 16 17 22 26 27 | 27.0
Dodging        | 5 8 11 14 17 18 21 23 27 | 27.0
Evocations     | 5 9 12 15 18 19 25 27 | 27.0
Long Blades    | 14 15 19 26 27 | 27.0
Stealth        | 24 27 | 27.0
Slings         | 13 | 13.4
Throwing       | 13 20 | 20.4
Unarmed Combat | 14 21 | 21.9
Spellcasting   | 13 20 | 20.4
Necromancy     | 12 18 19 | 19.0

Action                   |  1- 3 |  4- 6 |  7- 9 | 10-12 | 13-15 | 16-18 | 19-21 | 22-24 || total
-------------------------+-------+-------+-------+-------+-------+-------+-------+-------++-------
Melee: Flail             |    45 |    13 |       |       |       |       |       |       ||    58
       Morningstar       |       |    48 |    33 |   420 |   700 |    26 |       |       ||  1227
       Whip              |       |       |       |       |       |   598 |       |       ||   598
       Long sword        |       |       |       |       |       |   154 |       |       ||   154
       Demon whip        |       |       |       |       |       |   329 |   221 |       ||   550
       Demon blade       |       |       |       |       |       |       |   314 |   505 ||   819
Invok: Call Merchant     |       |       |     1 |     4 |     5 |     5 |     3 |     2 ||    20
       Potion Petition   |       |       |       |       |       |       |     1 |     3 ||     4
Evoke: Wand              |       |     2 |     3 |     2 |       |     6 |     3 |    12 ||    28
  Use: Potion            |     1 |       |     1 |     4 |     1 |       |     7 |    17 ||    31
       Scroll            |       |       |       |     4 |       |     7 |     4 |     1 ||    16
 Stab: Distracted        |       |       |       |     7 |     9 |     6 |     8 |    11 ||    41
       Confused          |       |       |       |       |       |     1 |       |       ||     1
  Eat: Bread ration      |       |       |       |     1 |       |       |     2 |       ||     3
       Beef jerky        |       |       |       |     3 |       |       |       |       ||     3
       Royal jelly       |       |       |       |     2 |       |       |       |       ||     2
       Pizza             |       |       |       |     1 |       |       |       |       ||     1
       Meat ration       |       |       |       |       |     1 |     2 |       |       ||     3
       Fruit             |       |       |       |       |       |     9 |       |    11 ||    20
Armor: Scale mail        |    29 |    14 |       |       |       |       |       |       ||    43
       Chain mail        |       |    48 |    31 |    67 |       |       |       |       ||   146
       Plate armour      |       |       |       |    40 |   198 |   183 |    54 |    31 ||   506
       Ring mail         |       |       |       |     4 |       |       |       |       ||     4
       Skin              |       |       |       |       |       |       |       |     4 ||     4
Dodge: Dodged            |    14 |    25 |    11 |    54 |   137 |   246 |    63 |    70 ||   620
Block: Shield            |    22 |    34 |    20 |   151 |    75 |       |       |       ||   302
       Large shield      |       |       |       |       |   496 |   760 |   320 |   343 ||  1919
       Rpst.: Long sword |       |       |       |       |       |    11 |       |       ||    11
       Demon blade       |       |       |       |       |       |       |     2 |    16 ||    18
